 Dungeon Crawl Stone Soup version 0.29.1-15-g9cfb28693d (webtiles) character file.

Game seed: 11174357439528651067

20 Heoruswealwe the Digger (level 2, 0/15 HPs)
             Began as a Deep Elf Earth Elementalist on Apr 14, 2023.
             Killed from afar by Terence (8 damage)
             ... with a puff of flame
             ... on level 2 of the Dungeon.
             The game lasted 00:08:16 (1098 turns).

Heoruswealwe the Digger (DEEE)                      Turns: 1098, Time: 00:08:17

Health: 0/15       AC:  2    Str:  5    XL:     2   Next: 58%
Magic:  5/8        EV: 12    Int: 19    God:
Gold:   112        SH:  0    Dex: 15    Spells: 5/8 levels left

rFire   . . .      SeeInvis .   (no weapon)
rCold   . . .      Faith    .   (no shield)
rNeg    . . .      Spirit   .   a - +0 robe
rPois   .          Reflect  .   (no helmet)
rElec   .          Harm     .   (no cloak)
rCorr   .          Rampage  .   (no gloves)
Will    .....                   (no boots)
Stlth   ++........              (no amulet)
HPRegen 0.05/turn               (no ring)
MPRegen 0.11/turn               (no ring)

@: no status effects
A: no striking features
a: no special abilities


You were on level 2 of the Dungeon.
You visited 1 branch of the dungeon, and saw 2 of its levels.

You collected 112 gold pieces.

Inventory:

Armour
 a - a +0 robe (worn)
Scrolls
 f - a scroll of acquirement {unknown}
Potions
 b - 3 potions of magic
 c - a potion of lignification {unknown}
 d - a potion of cancellation
 e - 2 potions of mutation {unknown}
 g - 2 potions of heal wounds {unknown}
 h - 2 potions of brilliance {unknown}
 i - 2 potions of attraction {unknown}
 j - a potion of curing {unknown}


   Skills:
 - Level 2.4 Dodging
 - Level 2.4 Stealth
 + Level 3.8 Spellcasting
 - Level 1.1 Transmutations
 + Level 3.8 Earth Magic


You had 5 spell levels left.
You knew the following spells:

 Your Spells              Type           Power      Damage    Failure   Level
a - Sandblast             Erth           36%        2d10      2%          1
z - Passwall              Tmut/Erth      10%        N/A       8%          2

Your spell library contained the following spells:

 Spells                   Type           Power      Damage    Failure   Level
 Stone Arrow              Conj/Erth      22%        3d8       19%         3
 Petrify                  Tmut/Erth      13%        N/A       45%         4


Dungeon Overview and Level Annotations

Branches:
Dungeon (2/15)

Altars:

Annotations:
D:2 Terence


Message History

Found an escape hatch in the floor.
There is a stone staircase leading down here.
Found a potion of magic.
Found a short sword.
Found 12 gold pieces.
Found 7 gold pieces.
You now have 83 gold pieces (gained 7).
A ball python comes into view.
The ball python hisses angrily.
The blast of sand hits the ball python!!
You kill the ball python!
Found a stone staircase leading down.
You see here a +0 short sword.
b - 3 potions of magic (gained 1)
You now have 95 gold pieces (gained 12).
Found a glowing pink potion.
Found a sedimented coppery potion.
Found a stone staircase leading up.
e - 2 sedimented coppery potions (gained 1)
c - a glowing pink potion
Found a stone staircase leading down.
Found 17 gold pieces.
Found a ring mail.
You now have 112 gold pieces (gained 17).
You see here a +0 ring mail.
Found a scroll labelled MIRUTS WENLOKH.
f - a scroll labelled MIRUTS WENLOKH
Found a robe and 2 clear potions.
Terence the Incautious comes into view.
He is wielding a +4 short sword of freezing, wearing a +3 scale mail of poison resistance and carrying a wand of flame (19).
Terence shouts!
You see here a +0 robe.
You can't see any susceptible monsters within range! (Use Z to cast anyway.)
The blast of sand hits Terence but does no damage.
Terence zaps a wand.
The puff of flame hits you!
The blast of sand hits Terence.
Terence is moderately wounded.
The blast of sand hits Terence but does no damage.
Terence is moderately wounded.
Terence zaps a wand.
The puff of flame hits you!
Ouch! That really hurt!
You die...

#. #.# #.# #
#.#### #.#
#....# #.#
.....# #.#
###..# #.#
#..# #.#
#.@# #.#
#!.# ##.#
#.@# #..#
#..# #.##
#..###.#
#...##.#
.#####..##.#
...........#
.#####..####
#..# #..#


You could see Terence.

Vanquished Creatures
  3 bats (D:1)
  3 endoplasms (D:1)
  2 hobgoblins (D:1)
  3 kobolds
  2 ball pythons
  A frilled lizard (D:1)
  3 goblins (D:1)
  2 rats (D:1)
19 creatures vanquished.

Notes
Turn   | Place    | Note
-------+----------+-------------------------------------------
     0 | D:1      | Heoruswealwe the Deep Elf Earth Elementalist began the
                  | quest for the Orb.
     0 | D:1      | Reached XP level 1. HP: 10/10 MP: 6/6
    73 | D:1      | You fall into a shaft and drop 1 floor!
   265 | D:1      | Reached XP level 2. HP: 15/15 MP: 5/8
   269 | D:1      | Learned a level 2 spell: Passwall
  1093 | D:2      | Noticed Terence
  1098 | D:2      | Killed from afar by Terence

Illustrated notes

Levels and vault maps discovered:
D:1:      matt_arrival_diagonals, layout_loops_ring
D:2:      layout_loops_ring, chequers_ecumenical_altar_grove, uniq_terence

Action                   || total
-------------------------++-------
 Cast: Sandblast         ||    26
  Use: Scroll            ||     2
Armor: Robe              ||     1
Dodge: Dodged            ||     4
